 Dungeon Crawl Stone Soup version 0.22-a0-480-g991dd4b (webtiles) character file.

16111 stealthycow the Cleaver (level 12, -2/108 HPs)
             Began as a Minotaur Berserker on June 14, 2018.
             Was a High Priest of Trog.
             Slain by a skeletal warrior
             ... wielding a +0 trident
             ... led by a skeletal warrior
              (9 damage)
             ... on level 12 of the Dungeon.
             The game lasted 00:40:55 (13363 turns).

stealthycow the Cleaver (Minotaur Berserker)       Turns: 13363, Time: 00:40:56

Health: -2/108     AC: 16    Str: 23    XL:     12   Next: 7%
Magic:  20/20      EV: 16    Int:  4    God:    Trog [*****.]
Gold:   750        SH:  0    Dex: 14    Spells: 11/11 levels left

rFire    + . .     SeeInvis .   w - +1 battleaxe (curse)
rCold    . . .     Gourm    .   (shield currently unavailable)
rNeg     + . .     Faith    .   O - +6 scale mail of the Sparrow {MR+ MP+9}
rPois    .         Spirit   .   (helmet restricted)
rElec    .         Reflect  .   A - scarf {cloud immunity}
rCorr    .         Harm     .   (no gloves)
MR       +....                  u - +0 pair of boots
Stlth    ..........             f - amulet of the acrobat
HPRegen  0.28/turn              B - ring of protection from fire
MPRegen  0.17/turn              x - ring of positive energy

@: berserk cooldown, very slightly contaminated, starving, slowed, very slow
A: retaliatory headbutt, horns 2
a: Berserk, Trog's Hand, Brothers in Arms, Renounce Religion


You were on level 12 of the Dungeon.
You worshipped Trog.
Trog was extremely pleased with you.
You were starving.

You visited 1 branch of the dungeon, and saw 12 of its levels.

You collected 750 gold pieces.

Inventory:

Hand Weapons
 w - a cursed +1 battleaxe (weapon)
 C - a +1 mace of venom
Missiles
 I - 2 poisoned javelins (quivered)
Armour
 o - a +0 shield
 u - a +0 pair of boots (worn)
 A - a scarf of cloud immunity (worn)
 O - the +6 scale mail of the Sparrow (worn) {MR+ MP+9}
   (You found it on level 10 of the Dungeon)

   It affects your resistance to hostile enchantments.
   It affects your magic capacity (+9).
Jewellery
 f - an amulet of the acrobat (around neck)
 g - an uncursed ring of protection from cold
 x - a ring of positive energy (right hand)
 B - a ring of protection from fire (left hand)
Wands
 l - a wand of acid (4)
 y - a wand of scattershot (4)
 E - a wand of flame (16)
 K - a wand of random effects (18)
Scrolls
 a - a scroll of magic mapping
 h - 2 scrolls of silence
 i - 7 scrolls of remove curse
 n - 4 scrolls of teleportation
 v - 3 scrolls of fear
 z - a scroll of noise {unknown}
 D - a scroll of identify
 G - a scroll of enchant armour {unknown}
 H - 2 scrolls of immolation {unknown}
 M - a scroll of enchant weapon
Potions
 d - a potion of ambrosia
 e - a potion of haste {unknown}
 m - a potion of might {unknown}
 p - 2 potions of curing
 q - 2 potions of resistance
 r - 2 potions of flight {unknown}
 s - 5 potions of agility
 t - a potion of lignification {unknown}
 F - a potion of heal wounds {unknown}
 J - 2 potions of berserk rage {unknown}
 N - a potion of magic {unknown}
Miscellaneous
 b - a phantom mirror
Comestibles
 c - 11 rations


   Skills:
 + Level 10.8 Fighting
 * Level 14.4 Axes
 + Level 10.5 Armour
 + Level 9.7 Dodging
 - Level 5.7 Shields


You had 11 spell levels left.
You didn't know any spells.
Your spell library was empty.

Dungeon Overview and Level Annotations

Branches:
Dungeon (12/15)            Temple (0/1) D:6            Lair (0/6) D:10
    Orc: D:9-12

Altars:
Ashenzari
Cheibriados
Dithmenos
Gozag
Hepliaklqana
Ru
Sif Muna
Wu Jian
Xom
The Shining One

Shops:
D:7 [


Innate Abilities, Weirdness & Mutations

You reflexively headbutt those who attack you in melee.
You have a pair of horns on your head.


Message History

You closely miss the skeletal warrior.
You feel the effects of Trog's Hand fading.
The skeletal warrior barely misses you.
The skeletal warrior closely misses you.
The skeletal warrior hits you with a battleaxe!
* * * LOW HITPOINT WARNING * * *
Blink to where?
Press: ? - help, Dir - move target cursor You are very lightly contaminated with residual magic.
As you read the scroll of blinking, it crumbles to dust.
Found a stone staircase leading down.
The skeletal warrior misses you.
Your skin stops crawling.
You feel less resistant to hostile enchantments.
The skeletal warrior hits you from afar with a trident.
* * * LOW HITPOINT WARNING * * *
There is a stone staircase leading down here.
The skeletal warrior hits you but does no damage.
The skeletal warrior hits you from afar with a trident!
You die...

#.###...#.....###.###.....
####...#.#.....#.# #.....
.......#.#####.#.# ######
.....z.#.....#.#.#
..####....# #.# .
#.....#z# #.# #.#.#.#z#
#.# # #.#.# ..# #.#@#
#.#.# #.#.# ..#.# #.# ..#
.## .


You could see 2 skeletal warriors.

Vanquished Creatures
  The ghost of jejorda2 the Basher, a journeyman DDAr of Makhleb (D:9)
  5 two-headed ogres
  2 skeletal warriors (D:12)
  A manticore (D:11)
  An ugly thing (D:11)
  A cyclops (D:11)
  2 centaur skeletons
  Psyche (D:9)
  A komodo dragon (D:10)
  The ghost of avis the Changer, a novice OpTm (D:4)
  3 trolls
  A hornet (D:5)
  A hippogriff (D:8)
  A slime creature (D:10)
  Sigmund (D:4)
  A wraith (D:12)
  A shadow (D:11)
  A vampire (D:12)
  8 yaks
  Grum (D:9)
  A hungry ghost (D:11)
  Edmund (D:4)
  A water moccasin (D:9)
  An orc warrior (D:7)
  An ice beast (D:6)
  5 sky beasts
  A black bear (D:6)
  3 necrophages (D:11)
  9 ogres
  3 wolves (D:9)
  3 centaurs
  4 bullfrogs
  2 big kobolds (D:10)
  4 gnoll sergeants
  A scorpion (D:6)
  4 killer bees (D:11)
  13 wights
  3 howler monkeys (D:11)
  A centaur zombie (D:5)
  8 crimson imps
  A hound (D:10)
  A bullfrog skeleton (D:5)
  3 jellies
  6 orc priests
  4 orc wizards
  7 worker ants
  A hound zombie (D:5)
  2 mummies
  4 worker ant zombies
  Robin (D:4)
  18 gnolls
  9 adders
  2 oozes (D:1)
  An adder zombie (D:9)
  An adder skeleton (D:9)
  5 dart slugs
  5 leopard geckos
  26 orcs
  2 ball pythons
  7 bats
  4 giant cockroaches
  13 goblins
  13 hobgoblins
  8 jackals
  3 quokkas
  12 frilled lizards
  10 kobolds
  A quokka skeleton (D:5)
  2 quokka zombies (D:6)
  5 rats
  2 withered plants (D:11)
283 creatures vanquished.

Vanquished Creatures (others)
  2 plants
2 creatures vanquished.

Grand Total: 285 creatures vanquished

Notes
Turn   | Place    | Note
-------+----------+-------------------------------------------
     0 | D:1      | stealthycow the Minotaur Berserker began the quest for the Orb.
     0 | D:1      | Reached XP level 1. HP: 19/19 MP: 0/0
   369 | D:1      | Reached XP level 2. HP: 6/27 MP: 1/1
   372 | D:1      | Reached skill level 4 in Axes
  1014 | D:1      | Reached XP level 3. HP: 33/33 MP: 2/2
  1195 | D:1      | Reached ** piety under Trog
  1472 | D:2      | Found a sacrificial altar of Ru.
  1525 | D:2      | Found a shattered altar of Ashenzari.
  1859 | D:2      | Reached XP level 4. HP: 40/40 MP: 3/3
  1867 | D:2      | Found an ornate altar of the Wu Jian Council.
  2424 | D:3      | Reached skill level 1 in Shields
  2425 | D:3      | Reached skill level 5 in Axes
  2463 | D:3      | Reached XP level 5. HP: 43/47 MP: 4/4
  3281 | D:4      | Noticed Sigmund
  3303 | D:4      | Killed Sigmund
  3303 | D:4      | Reached XP level 6. HP: 53/53 MP: 5/5
  3387 | D:4      | Noticed avis's ghost (novice OpTm)
  3402 | D:4      | Killed avis's ghost
  3402 | D:4      | Reached skill level 5 in Fighting
  3402 | D:4      | Reached skill level 6 in Axes
  3402 | D:4      | Reached XP level 7. HP: 58/61 MP: 6/6
  3440 | D:4      | Noticed Robin
  3462 | D:4      | Killed Robin
  3832 | D:4      | Noticed Edmund
  3838 | D:4      | Killed Edmund
  3838 | D:4      | Reached skill level 7 in Axes
  4122 | D:5      | Entered Level 5 of the Dungeon
  4288 | D:5      | Reached *** piety under Trog
  4394 | D:5      | Reached skill level 5 in Armour
  4394 | D:5      | Reached XP level 8. HP: 50/70 MP: 7/7
  4836 | D:5      | Found a snail-covered altar of Cheibriados.
  4872 | D:5      | Noticed a hornet
  4874 | D:5      | Paralysed by a hornet for 3 turns
  4882 | D:5      | Killed a hornet
  4882 | D:5      | Reached skill level 8 in Axes
  4882 | D:5      | Reached skill level 5 in Dodging
  5557 | D:5      | Found a shadowy altar of Dithmenos.
  5661 | D:5      | HP: 2/71 [ogre/giant club (27)]
  5680 | D:5      | Reached skill level 5 in Shields
  6387 | D:6      | Reached skill level 9 in Axes
  6394 | D:6      | Found a staircase to the Ecumenical Temple.
  6424 | D:6      | Reached XP level 9. HP: 77/78 MP: 8/8
  6430 | D:6      | Found a glowing golden altar of the Shining One.
  7300 | D:7      | Found Qofidgh's Armour Shoppe.
  7314 | D:7      | Reached **** piety under Trog
  7474 | D:7      | Reached skill level 10 in Axes
  7711 | D:7      | Noticed a two-headed ogre
  7729 | D:7      | Killed a two-headed ogre
  8061 | D:7      | Reached XP level 10. HP: 88/88 MP: 9/9
  8440 | D:8      | Reached skill level 11 in Axes
  8566 | D:8      | Noticed a two-headed ogre
  8584 | D:8      | Killed a two-headed ogre
  9169 | D:9      | Found a shimmering altar of Xom.
  9305 | D:9      | Noticed Grum
  9341 | D:9      | Killed Grum
  9692 | D:9      | Found a hazy altar of Hepliaklqana.
  9692 | D:9      | Found a glowing golden altar of the Shining One.
  9767 | D:9      | Found an opulent altar of Gozag.
  9924 | D:9      | Noticed a two-headed ogre
  9927 | D:9      | Killed a two-headed ogre
  9927 | D:9      | Reached skill level 12 in Axes
 10203 | D:9      | Noticed jejorda2's ghost (journeyman DDAr)
 10250 | D:9      | Killed jejorda2's ghost
 10533 | D:9      | Noticed Psyche
 10544 | D:9      | Killed Psyche
 10675 | D:10     | Entered Level 10 of the Dungeon
 10689 | D:10     | Noticed a two-headed ogre
 10697 | D:10     | Killed a two-headed ogre
 10697 | D:10     | Reached XP level 11. HP: 88/97 MP: 10/10
 10852 | D:10     | Noticed a two-headed ogre
 10882 | D:10     | Killed a two-headed ogre
 10882 | D:10     | Reached skill level 13 in Axes
 11007 | D:10     | Got a translucent scale mail
 11018 | D:10     | Identified the +6 scale mail of the Sparrow {MR+ MP+9} (You found it on level 10 of the Dungeon)
 11109 | D:10     | Reached ***** piety under Trog
 11770 | D:10     | Found a staircase to the Lair.
 11786 | D:10     | Reached skill level 10 in Fighting
 11941 | D:11     | Found a deep blue altar of Sif Muna.
 12085 | D:11     | Noticed a brown ugly thing
 12097 | D:11     | Killed a brown ugly thing
 12745 | D:11     | Reached skill level 10 in Armour
 12974 | D:11     | Received a gift from Trog
 13016 | D:11     | Reached skill level 14 in Axes
 13325 | D:12     | Noticed a skeletal warrior
 13334 | D:12     | Killed a skeletal warrior
 13338 | D:12     | Noticed a skeletal warrior
 13338 | D:12     | Noticed a skeletal warrior
 13343 | D:12     | Noticed a skeletal warrior
 13347 | D:12     | Reached XP level 12. HP: 108/108 MP: 11/11
 13356 | D:12     | HP: 5/108 [skeletal warrior/battleaxe[a skeletal warrior] (13)]
 13363 | D:12     | Slain by a skeletal warrior

Vault maps used:
D:1:      lightli_iron_boxes, minmay_lizard_pond
D:2:      lemuel_doored_altar, nicolae_ru_awakened_eye,
          nicolae_ashenzari_panopticon
D:3:      first_ration, minmay_misc_feat_iff
D:4:      uniq_sigmund, uniq_robin, uniq_edmund
D:5:      slow_altar_1, grunt_dithmenos_smoke
D:6:      minmay_temple_entry_glass, enter_ossuary_4, basic_altar
D:7:      serial_shops, nicolae_shop_trees, sword_in_stone
D:9:      xom_teletrap_fun, gammafunk_temple_overflow_forgotten, uniq_psyche,
          uniq_joseph, uniq_grum
D:10:     kennysheep_blocky_room, david_lair_shrubbed
D:11:     serial_undead, serial_undead_e, serial_undead_f, serial_undead_e,
          serial_undead_e, basic_altar
D:12:     kennysheep_orc_monster_closet_entryway, basic_altar, grunt_pizzeria,
          minmay_splitting_lines

Skill      XL: |  1  2  3  4  5  6  7  8  9 10 11 |
---------------+----------------------------------+-----
Axes           | 4 5 6 7 9 10 12 14 | 14.4
Fighting       | 4 5 6 8 9 10 | 10.8
Armour         | 3 4 5 6 7 9 10 | 10.5
Dodging        | 3 4 5 7 8 9 |  9.7
Shields        | 1 2 3 5 |  5.7

Action                   |  1- 3 |  4- 6 |  7- 9 | 10-12 || total
-------------------------+-------+-------+-------+-------++-------
Melee: Hand axe          |    91 |    72 |   267 |       ||   430
       Headbutt          |    12 |    15 |    72 |    80 ||   179
       Battleaxe         |       |       |    76 |   332 ||   408
Throw: Tomahawk          |       |       |    10 |    39 ||    49
       Throwing net      |       |       |     1 |       ||     1
       Javelin           |       |       |       |     4 ||     4
Invok: Berserk           |       |     1 |     6 |     8 ||    15
       Trog's Hand       |       |     1 |     1 |     2 ||     4
Evoke: Wand              |       |       |       |     1 ||     1
  Use: Scroll            |       |     7 |     1 |     9 ||    17
       Potion            |       |       |       |     1 ||     1
  Eat: Chunk             |     3 |     4 |    16 |    16 ||    39
       Ration            |       |     1 |     1 |     3 ||     5
Armor: Animal skin       |    12 |       |       |       ||    12
       Chain mail        |    31 |    20 |   100 |    61 ||   212
       Scale mail        |       |       |       |    63 ||    63
Dodge: Dodged            |    49 |    11 |   109 |   289 ||   458
Block: Shield            |    16 |    24 |   115 |       ||   155

Table legend:
 A = Spawn XP
 B = Non-spawn XP
 C = Spawn XP percentage of total XP
 D = Spawn monster count
 E = Non-spawn monster count
 F = Spawn count percentage of total count
 G = Total turns spent on level
                    A         B        C        D         E        F      G
               +---------+---------+-------+---------+---------+-------+---------
         Total |       0 |   23016 |   0.0 |       0 |     281 |   0.0 | 13363
               +---------+---------+-------+---------+---------+-------+---------
           D:1 |       0 |      61 |   0.0 |       0 |      30 |   0.0 |  1468
           D:2 |       0 |      44 |   0.0 |       0 |      18 |   0.0 |   747
           D:3 |       0 |     112 |   0.0 |       0 |      15 |   0.0 |  1038
           D:4 |       0 |     900 |   0.0 |       0 |      20 |   0.0 |  1004
           D:5 |       0 |    1412 |   0.0 |       0 |      30 |   0.0 |  2050
           D:6 |       0 |    1190 |   0.0 |       0 |      22 |   0.0 |   952
           D:7 |       0 |    1943 |   0.0 |       0 |      29 |   0.0 |  1075
           D:8 |       0 |    1467 |   0.0 |       0 |      14 |   0.0 |   713
           D:9 |       0 |    3710 |   0.0 |       0 |      21 |   0.0 |  1628
          D:10 |       0 |    4497 |   0.0 |       0 |      34 |   0.0 |  1295
          D:11 |       0 |    4170 |   0.0 |       0 |      35 |   0.0 |  1240
          D:12 |       0 |    3510 |   0.0 |       0 |      13 |   0.0 |   153
               +---------+---------+-------+---------+---------+-------+---------
